 Dungeon Crawl Stone Soup version 0.26-a0-64-g059e62fbdb (webtiles) character file.

Game seed: 10656955333605574860

23618 MisterFreud the Carver (level 13, -9/88 HPs)
             Began as an Octopode Gladiator on June 10, 2020.
             Was the Champion of Cheibriados.
             Mangled by an 11-headed hydra (13 damage)
             ... on level 3 of the Lair of Beasts.
             The game lasted 00:23:03 (17330 turns).

MisterFreud the Carver (Octopode Gladiator)        Turns: 17330, Time: 00:23:03

Health: -9/88      AC:  5    Str: 29    XL:     13   Next: 7%
Magic:  0/19       EV: 26    Int: 36    God:    Cheibriados [******]
Gold:   999        SH:  7    Dex: 28    Spells: 12/12 levels left

rFire    + . .     SeeInvis .   I - +4 scimitar (freeze) (curse)
rCold    + . .     Gourm    .   f - +0 buckler
rNeg     . . .     Faith    .   q - +0 hat {MR+}
rPois    .         Spirit   +   n - amulet of guardian spirit
rElec    .         Reflect  .   z - +4 ring of protection
rCorr    .         Harm     .   k - +6 ring of intelligence
MR       +....                  s - ring of protection from cold
Stlth    +++.......             N - ring of protection from fire
HPRegen  0.24/turn              (no ring)
MPRegen  0.16/turn              (no ring)
                                (no ring)
                                (no ring)

@: very slow
A: almost no armour, stealthy swim, amphibious, 8 rings, constrict 8, camouflage
1, gelatinous body 1
a: Bend Time, Temporal Distortion, Slouch, Step From Time, Renounce Religion


You were on level 3 of the Lair of Beasts.
You worshipped Cheibriados.
Cheibriados was exalted by your worship.
You were not hungry.

You visited 3 branches of the dungeon, and saw 15 of its levels.
You also visited: Sewer.

You collected 999 gold pieces.

Inventory:

Hand Weapons
 F - the +6 war axe "Heim" {vorpal, MR+}
   (You found it on level 8 of the Dungeon)

   It inflicts extra damage upon your enemies.
   It affects your resistance to hostile enchantments.
 I - a cursed +4 scimitar of freezing (weapon)
Missiles
 c - 5 throwing nets
 m - 7 atropa-tipped darts
 u - 13 poisoned darts
 A - 4 javelins
 G - 8 boomerangs (quivered)
 O - 6 silver javelins
Armour
 b - a +0 hat
 f - a +0 buckler (worn)
 q - a +0 hat of magic resistance (worn)
 y - the +4 kite shield of Vemmeirph {rElec rN+ Str+3 Slay-4}
   (You found it on level 5 of the Dungeon)

   It affects your strength (+3).
   It affects your accuracy and damage with ranged weapons and melee attacks
   (-4).
   It insulates you from electricity.
   It protects you from negative energy.
Jewellery
 k - a +6 ring of intelligence (right tentacle)
 n - an amulet of guardian spirit (around mantle)
 s - a ring of protection from cold (on tentacle)
 z - a +4 ring of protection (left tentacle)
 N - a ring of protection from fire (on tentacle)
Wands
 i - a wand of paralysis (4)
 l - a wand of disintegration (12)
 r - a wand of flame (16)
 C - a wand of iceblast (5)
 D - a wand of clouds (3)
 K - a wand of polymorph (9)
 L - a wand of acid (3)
Scrolls
 e - 2 scrolls of blinking
 g - 7 scrolls of remove curse
 j - 9 scrolls of teleportation
 o - 2 scrolls of enchant weapon
 p - 6 scrolls of amnesia
 t - a scroll of fear
 E - a scroll of fog
 H - a scroll of summoning {unknown}
 P - a scroll of magic mapping
Potions
 a - a potion of curing
 h - 4 potions of flight
 v - a potion of magic {unknown}
 w - 2 potions of might
 x - 3 potions of ambrosia
 B - a potion of invisibility
 J - 4 potions of heal wounds {unknown}
 Q - 2 potions of brilliance {unknown}
Comestibles
 d - 18 rations


   Skills:
 + Level 8.3 Fighting
 - Level 14.0 Long Blades
 - Level 2.0 Throwing
 - Level 12.0 Dodging
 - Level 4.0 Shields
 - Level 8.0 Invocations


You had 12 spell levels left.
You didn't know any spells.
Your spell library contained the following spells:

 Spells                   Type           Power        Failure   Level  Hunger
 Sandblast                Erth           #.....       6%          1    ##.....
 Blink                    Tloc           N/A          10%         2    ###....
 Passwall                 Tmut/Erth      #.......     10%         2    ###....
 Shroud of Golubria       Chrm/Tloc      #.....       10%         2    ###....
 Gell's Gravitas          Tloc           #.........   19%         3    ####...
 Lesser Beckoning         Tloc           #.........   19%         3    ####...
 Stone Arrow              Conj/Erth      #.....       19%         3    ####...
 Teleport Other           Tloc           #.......     19%         3    ####...
 Passage of Golubria      Tloc           N/A          54%         4    #####..
 Petrify                  Tmut/Erth      #.......     54%         4    #####..
 Lee's Rapid Deconstruct  Erth           #.........   87%         5    ######.


Dungeon Overview and Level Annotations

Branches:
Dungeon (11/15)            Temple (1/1) D:4            Lair (3/6) D:8
 Shoals (0/4) Lair:2        Sewer (visited)
  Snake: Lair:2-4    Spider: Lair:2-4       Orc: D:9-12

Altars:
Ashenzari
Cheibriados
Fedhas
Gozag
Hepliaklqana
Kikubaaqudgha
Okawaru
Ru
Sif Muna
Trog
Uskayaw
Vehumet
Wu Jian
Xom
Zin
The Shining One

Portals:
Trove: D:10 (give +7 demon whip)


Innate Abilities, Weirdness & Mutations

You cannot wear most types of armour.
You are very stealthy in the water. (Stealth+)
You are amphibious.
You can wear up to eight rings at the same time.
You can use your tentacles to constrict eight enemies at once.
Your skin changes colour to match your surroundings (Stealth+).
Your rubbery body absorbs attacks. (AC +1, EV +1)


Message History

You freeze the ten-headed hydra. You squeeze the ten-headed hydra!
The ten-headed hydra is heavily wounded.
Unknown command.
Unknown command.
Unknown command.
You hack one of the ten-headed hydra's heads off!
The nine-headed hydra grows two more!
You slice the 11-headed hydra!!
The 11-headed hydra seems to slow down.
You freeze the 11-headed hydra. You squeeze the 11-headed hydra!
The 11-headed hydra is almost dead.
The 11-headed hydra bites you!
* * * LOW HITPOINT WARNING * * *
The 11-headed hydra bites you!
* * * LOW HITPOINT WARNING * * *
The 11-headed hydra bites you.
* * * LOW HITPOINT WARNING * * *
The 11-headed hydra bites you.
* * * LOW HITPOINT WARNING * * *
The 11-headed hydra bites you!
You die...

... ...#### .......
....... .......
#......#### ..........#
#......@.+ #......D#P..#
#.......# ..# #....#.#..
#.......# ####.........
.......## ##.......##.
.......##.###.#.....#.#.
...................P.#..
........................
..[..............


You could see a 11-headed hydra (slow, corroded).

Vanquished Creatures
  Gastronok (Lair:1)
  Fannar (Lair:3)
  2 hydras
  3 two-headed ogres
  An unseen horror (D:10)
  Joseph (D:9)
  A torpor snail (Lair:2)
  2 merfolk sirens (Lair:2)
  A black mamba (Lair:3)
  Psyche (D:7)
  2 spiny frogs
  6 komodo dragons
  2 merfolk (Lair:2)
  A polar bear (Lair:3)
  A troll (D:10)
  3 blink frogs (Lair:2)
  2 hippogriffs
  A wyvern (D:8)
  26 yaks
  5 humans (D:7)
  A hungry ghost (D:7)
  7 water moccasins
  An acid dragon (D:6)
  Edmund (D:6)
  2 orc warriors
  2 porcupines
  3 ice beasts
  4 phantoms
  3 sky beasts
  3 centaurs
  4 ogres
  6 crocodiles
  12 bullfrogs
  A big kobold (D:6)
  A gnoll sergeant (D:6)
  A water moccasin zombie (D:7)
  A scorpion (D:7)
  5 killer bees (D:9)
  13 wights
  3 howler monkeys (D:8)
  A bullfrog zombie (D:7)
  4 crimson imps
  2 jellies
  2 centaur skeletons
  2 centaur zombies (D:7)
  5 orc priests
  3 bullfrog skeletons
  10 hounds
  7 orc wizards
  Crazy Yiuf (D:3)
  7 iguanas
  8 worker ants
  4 hell rats (Lair:3)
  A killer bee zombie (D:8)
  A hound skeleton (D:5)
  2 hound zombies
  A worker ant zombie (D:8)
  8 gnolls
  11 adders
  A river rat (D:3)
  2 shadow imps
  4 oozes
  An adder skeleton (D:7)
  2 worms
  A dart slug (D:2)
  16 leopard geckos
  26 orcs
  22 giant cockroaches
  12 goblins
  4 hobgoblins
  10 kobolds
  3 quokkas
  17 ball pythons
  7 bats
  17 frilled lizards
  A giant cockroach zombie (D:6)
  A jackal skeleton (D:5)
  A quokka zombie (D:6)
  6 rats (D:1)
371 creatures vanquished.

Vanquished Creatures (others)
  A plant (Lair:3)
1 creature vanquished.

Grand Total: 372 creatures vanquished

Notes
Turn   | Place    | Note
-------+----------+-------------------------------------------
     0 | D:1      | MisterFreud the Octopode Gladiator began the quest for the
                  | Orb.
     0 | D:1      | Reached XP level 1. HP: 14/14 MP: 1/1
   122 | D:1      | Reached XP level 2. HP: 20/20 MP: 2/2
   480 | D:1      | Reached XP level 3. HP: 16/26 MP: 3/3
  1502 | D:2      | Reached XP level 4. HP: 33/33 MP: 4/4
  1866 | D:2      | Reached skill level 4 in Long Blades
  2322 | D:2      | Found a faded altar of an unknown god.
  2549 | D:3      | Found a glowing drain.
  2559 | D:3      | Reached XP level 5. HP: 35/37 MP: 5/5
  2561 | Sewer    | Entered a sewer
  3152 | Sewer    | Reached skill level 5 in Long Blades
  3667 | Sewer    | Reached XP level 6. HP: 23/43 MP: 6/6
  3676 | Sewer    | Reached skill level 6 in Long Blades
  4825 | D:3      | Found a runed translucent door.
  4826 | D:3      | Noticed Crazy Yiuf
  4993 | D:3      | Killed Crazy Yiuf
  5390 | D:4      | Noticed a phantom
  5697 | D:4      | Reached skill level 1 in Shields
  5697 | D:4      | Reached XP level 7. HP: 37/48 MP: 7/7
  6436 | D:4      | Reached skill level 5 in Dodging
  6498 | D:4      | Found a staircase to the Ecumenical Temple.
  6506 | Temple   | Entered the Ecumenical Temple
  6537 | Temple   | Became a worshipper of Cheibriados the Contemplative
  6672 | D:5      | Entered Level 5 of the Dungeon
  7230 | D:5      | Got a dazzling kite shield
  7234 | D:5      | Reached XP level 8. HP: 49/54 MP: 8/8
  7374 | D:5      | Reached * piety under Cheibriados
  7460 | D:5      | Identified the +4 kite shield of Vemmeirph {rElec rN+ Str+3
                  | Slay-4} (You found it on level 5 of the Dungeon)
  7832 | D:6      | Found an iron altar of Okawaru.
  7960 | D:6      | Found an ornate altar of the Wu Jian Council.
  8484 | D:6      | Noticed Edmund
  8495 | D:6      | Killed Edmund
  8534 | D:6      | Reached ** piety under Cheibriados
  8556 | D:6      | Reached XP level 9. HP: 32/58 MP: 9/9
  9303 | D:7      | Reached skill level 10 in Dodging
  9977 | D:7      | Found a runed translucent door.
  9998 | D:7      | Noticed Psyche
 10005 | D:7      | Killed Psyche
 10005 | D:7      | Reached XP level 10. HP: 62/65 MP: 10/10
 10012 | D:7      | Reached *** piety under Cheibriados
 10029 | D:7      | Reached skill level 7 in Long Blades
 10074 | D:7      | Reached skill level 5 in Fighting
 10335 | D:7      | Found a runed translucent door.
 10335 | D:7      | Found a runed translucent door.
 10406 | D:7      | Reached skill level 8 in Long Blades
 10737 | D:8      | Got a bloodstained war axe
 10812 | D:9      | Noticed Joseph
 10826 | D:9      | Killed Joseph
 11105 | D:9      | Reached **** piety under Cheibriados
 11190 | D:8      | Reached skill level 1 in Invocations
 11310 | D:8      | Found a staircase to the Lair.
 11321 | D:8      | Reached skill level 9 in Long Blades
 11477 | D:8      | Reached XP level 11. HP: 58/72 MP: 9/12
 11682 | D:8      | Noticed a two-headed ogre
 11693 | D:8      | Killed a two-headed ogre
 12366 | D:9      | Reached ***** piety under Cheibriados
 12668 | D:9      | Noticed a two-headed ogre
 12681 | D:9      | Killed a two-headed ogre
 12681 | D:9      | Reached skill level 10 in Long Blades
 13410 | D:10     | Entered Level 10 of the Dungeon
 13410 | D:10     | Found an opulent altar of Gozag.
 13485 | D:10     | Killed an unseen horror
 13620 | D:10     | Noticed a two-headed ogre
 13626 | D:10     | Killed a two-headed ogre
 13626 | D:10     | Reached skill level 5 in Invocations
 13644 | D:10     | Found a portal to a secret trove of treasure.
 13878 | D:10     | Reached skill level 11 in Long Blades
 14125 | D:11     | Noticed a four-headed hydra
 14232 | Lair:1   | Entered Level 1 of the Lair of Beasts
 14232 | Lair:1   | Noticed a six-headed hydra
 14254 | Lair:1   | Killed a ten-headed hydra
 14254 | Lair:1   | Reached XP level 12. HP: 82/82 MP: 11/16
 14989 | Lair:1   | Noticed Gastronok
 15000 | Lair:1   | Killed Gastronok
 15000 | Lair:1   | Reached skill level 12 in Long Blades
 15661 | Lair:2   | Identified the +6 war axe "Heim" {vorpal, MR+} (You found
                  | it on level 8 of the Dungeon)
 15961 | Lair:2   | Found a staircase to the Shoals.
 15972 | Lair:2   | Reached skill level 13 in Long Blades
 16303 | Lair:2   | You fall into a shaft and drop 1 floor!
 16311 | Lair:3   | Noticed a four-headed hydra
 16325 | Lair:3   | Killed an eight-headed hydra
 16503 | Lair:3   | Noticed Fannar
 16517 | Lair:3   | Killed Fannar
 16558 | Lair:3   | Reached ****** piety under Cheibriados
 16570 | Lair:3   | Noticed a six-headed hydra
 16583 | Lair:2   | Reached skill level 14 in Long Blades
 17024 | Lair:2   | Reached XP level 13. HP: 88/88 MP: 18/18
 17330 | Lair:3   | HP: 4/88 [11-headed hydra (2)]
 17330 | Lair:3   | Mangled by an 11-headed hydra

Illustrated notes

Levels and vault maps discovered:
D:1:      dpeg_arrival_brainrot, layout_rooms, grunt_decor_arrowhead,
          moated_statue
D:2:      layout_basic, serial_forest, infiniplex_forest_lined_4_way,
          infiniplex_forest_zigzag_1, infiniplex_forest_split,
          infiniplex_forest_lined_2, infiniplex_forest_lined_room_2,
          infiniplex_forest_clump_long, infiniplex_forest_clump_tiny,
          infiniplex_forest_clump_small, chequers_ecumenical_altar_simple_redux
D:3:      minmay_door_path, layout_loops_corners, cheibrodos_sewer_entry_sluice,
          first_ration, uniq_crazy_yiuf_cottage
D:4:      layout_loops_ring, minmay_temple_entry_statues_pillars
D:5:      layout_loops_ring, serial_bayou_pond_d
D:6:      layout_cave_pools, overflow_temple_1_default, okawaru_trees_1,
          uniq_edmund
D:7:      erik_cavepeople, layout_basic
D:8:      cheibrodos_elevator_heist, layout_loops_cross, dpeg_oklobed_lair
D:9:      layout_irregular_city, grunt_ogre_cave, eino_tiny_chamber, uniq_joseph
D:10:     layout_basic, enter_trove_3, nicolae_gozag_seed_capital
D:11:     layout_basic, hiddenorc2_lemuel, uniq_nergalle
Temple:   grunt_wide_crystal_templ
Lair:1:   layout_cave_pods, uniq_gastronok
Lair:2:   layout_hall_layers, elwin_shoals_entry_stream,
          infiniplex_staircase_pool_2
Lair:3:   lemuel_reptile_caves, layout_regular_city,
          spider_nest_entry_funnel_web, minmay_lair_oklob_chamber, uniq_fannar

Skill      XL: |  1  2  3  4  5  6  7  8  9 10 11 12 13 |
---------------+----------------------------------------+-----
Fighting       | 3 4 6 8 |  8.3
Long Blades    | 4 5 6 9 11 14 | 14.0
Dodging        | 4 5 8 11 12 | 12.0
Shields        | 1 3 4 |  4.0
Invocations    | 2 5 7 8 |  8.0
Throwing       | |  2.0

Action                   |  1- 3 |  4- 6 |  7- 9 | 10-12 | 13-15 || total
-------------------------+-------+-------+-------+-------+-------++-------
Melee: Long sword        |    62 |   170 |   288 |   170 |       ||   690
       Constrict         |    16 |    50 |    54 |    67 |       ||   187
       Tentacles         |    12 |    33 |    81 |   192 |    11 ||   329
       Scimitar          |       |       |       |   262 |    23 ||   285
Throw: Dart              |       |     7 |       |       |       ||     7
       Boomerang         |       |       |    21 |    16 |     1 ||    38
       Throwing net      |       |       |       |     1 |       ||     1
Evoke: Wand              |       |       |       |     2 |     2 ||     4
  Use: Scroll            |       |     6 |     6 |     8 |       ||    20
       Potion            |       |       |     2 |     4 |       ||     6
 Stab: Sleeping          |    10 |     4 |     7 |    10 |       ||    31
       Distracted        |       |       |       |     2 |       ||     2
       Held in net/web   |       |       |       |     1 |       ||     1
  Eat: Chunk             |     2 |    13 |     8 |    12 |       ||    35
       Ration            |       |       |     1 |       |       ||     1
Armor: Skin              |     2 |    11 |    38 |    29 |     2 ||    82
Dodge: Dodged            |    36 |   141 |   206 |   314 |    15 ||   712
Block: Buckler           |       |     4 |    61 |    99 |     8 ||   172
       Rpst.: Long sword |    13 |    35 |    50 |    30 |       ||   128
       Scimitar          |       |       |       |    38 |       ||    38

Table legend:
 A = Non-vault XP
 B = Vault XP
 C = Vault XP percentage of total XP
 D = Non-vault monster count
 E = Vault monster count
 F = Vault count percentage of total count
                 A         B        C        D         E       F
            +---------+---------+-------+---------+---------+-------
      Total |   24839 |    8901 |  26.4 |     275 |      96 |  25.9
            +---------+---------+-------+---------+---------+-------
        D:1 |      49 |       0 |   0.0 |      28 |       0 |   0.0
        D:2 |     107 |       0 |   0.0 |      18 |       0 |   0.0
        D:3 |      27 |      61 |  69.3 |      12 |       5 |  29.4
        D:4 |     418 |       0 |   0.0 |      20 |       0 |   0.0
        D:5 |     648 |       0 |   0.0 |      26 |       0 |   0.0
        D:6 |    1268 |     147 |  10.4 |      29 |       1 |   3.3
        D:7 |    1544 |    2761 |  64.1 |      19 |      16 |  45.7
        D:8 |    2337 |     152 |   6.1 |      27 |       6 |  18.2
        D:9 |    4165 |     588 |  12.4 |      29 |       2 |   6.5
       D:10 |    2953 |       0 |   0.0 |      18 |       0 |   0.0
       D:11 |     126 |       0 |   0.0 |       2 |       0 |   0.0
     Lair:1 |    3363 |    2328 |  40.9 |      13 |       1 |   7.1
     Lair:2 |    5700 |    1498 |  20.8 |      25 |       4 |  13.8
     Lair:3 |    2134 |    1045 |  32.9 |       9 |       3 |  25.0
      Sewer |       0 |     321 | 100.0 |       0 |      58 | 100.0
            +---------+---------+-------+---------+---------+-------
